 Dungeon Crawl Stone Soup version 0.28-a0-1447-ga5a8893 (webtiles) character file.

Game seed: 8610000208693663525

1754 Dorkslayer the Cleaver (level 9, 0/78 HPs)
             Began as a Hill Orc Fighter on Jan 10, 2022.
             Was an Initiate of Gozag.
             Shot with a sling bullet by Joseph (3 damage)
             ... on level 7 of the Dungeon.
             The game lasted 00:17:01 (5852 turns).

Dorkslayer the Cleaver (Hill Orc Fighter)           Turns: 5852, Time: 00:17:02

Health: 0/78       AC: 12    Str: 23    XL:     9   Next: 6%
Magic:  9/9        EV:  9    Int:  8    God:    Gozag
Gold:   278        SH:  5    Dex: 16    Spells: 8/8 levels left

rFire   . . .      SeeInvis .   a - +4 war axe
rCold   . . .      Faith    .   c - +0 buckler
rNeg    . . .      Spirit   .   p - +0 chain mail
rPois   .          Reflect  .   b - +0 hat
rElec   .          Harm     .   e - +1 cloak
rCorr   .          Rampage  .   (no gloves)
Will    .....                   (no boots)
Stlth   ..........              (no amulet)
HPRegen 0.23/turn               g - +6 ring of dexterity
MPRegen 0.11/turn               (no ring)

@: mighty, hasted, very quick
A: no striking features
a: Renounce Religion, Potion Petition, Call Merchant, Bribe Branch


You were on level 7 of the Dungeon.
You worshipped Gozag.
Gozag was aware of your devotion.
You visited 2 branches of the dungeon, and saw 8 of its levels.
You also visited: Sewer.

You collected 458 gold pieces.
You spent 114 gold pieces at shops.
You paid 66 gold pieces to Gozag.

Inventory:

Hand Weapons
 a - a +4 war axe (weapon)
 u - a +0 war axe
Missiles
 n - 29 poisoned darts (quivered)
Armour
 b - a +0 hat (worn)
 c - a +0 buckler (worn)
 e - a +1 cloak (worn)
 p - a +0 chain mail (worn)
Jewellery
 g - a +6 ring of dexterity (left hand)
Scrolls
 j - 3 scrolls of magic mapping
 l - a scroll of amnesia
Potions
 d - 2 potions of might
 f - a potion of haste
 h - a potion of magic
 i - a potion of flight
 k - a potion of brilliance {unknown}
 m - 2 potions of curing
 o - 2 potions of ambrosia
 q - 2 potions of lignification
 r - a potion of attraction {unknown}
 t - a potion of heal wounds {unknown}
 w - 2 potions of cancellation {unknown}


   Skills:
 + Level 6.4 Fighting
 + Level 10.4 Axes
 + Level 0.2 Throwing
 + Level 5.8 Armour
 + Level 2.9 Dodging
 + Level 1.4 Stealth
 + Level 4.7 Shields


You had 8 spell levels left.
You didn't know any spells.
Your spell library contained the following spells:

 Spells                   Type           Power      Damage    Failure   Level
 Apportation              Tloc           0%         N/A       98%         1
 Foxfire                  Conj/Fire      0%         2x1d4     98%         1
 Shock                    Conj/Air       0%         1d3       98%         1
 Conjure Flame            Conj/Fire      0%         6-21      100%        3
 Inner Flame              Hex/Fire       0%         N/A       100%        3
 Swiftness                Air            0%         N/A       100%        3
 Airstrike                Air            0%         N/A       100%        4
 Animate Dead             Necr           0%         N/A       100%        4
 Flame Wave               Conj/Fire      0%         2d4       100%        4
 Hailstorm                Conj/Ice       0%         3d3       100%        4
 Ice Form                 Ice/Tmut       0%         N/A       100%        4
 Alistair's Intoxication  Tmut/Pois      0%         N/A       100%        5
 Simulacrum               Ice/Necr       0%         N/A       100%        6
 Haunt                    Necr/Summ      0%         N/A       100%        7
 Infestation              Necr           0%         N/A       100%        8


Dungeon Overview and Level Annotations

Branches:
Dungeon (7/15)             Temple (1/1) D:5           Sewer (visited)

Altars:
Ashenzari
Elyvilon
Fedhas
Gozag
Nemelex Xobeh
Sif Muna
Uskayaw
Wu Jian
Xom
Zin
The Shining One

Shops:
D:2 *   D:4 [

Annotations:
D:7 Joseph


Message History

Joseph completely misses you.
You barely miss Joseph.
Joseph is heavily wounded.
Joseph misses you.
You hit Joseph but do no damage.
Joseph is heavily wounded.
Joseph completely misses you.
You bite Joseph!
Joseph is severely wounded.
You hit Joseph.
Joseph is severely wounded.
Joseph hits you with a +0 quarterstaff!!
You hit Joseph.
Joseph is severely wounded.
Joseph zaps a wand.
The now-empty wand crumbles to dust.
Your transformation is almost over.
You flicker for a moment.
Joseph unwields a +0 quarterstaff.
Joseph wields a +4 hunting sling of freezing.
It is covered in frost.
Joseph shoots a sling bullet.
The sling bullet closely misses you.
You flicker back into view.
Your transformation has ended.
Your +4 war axe unmelds from your body.
Your +1 cloak unmelds from your body.
Your +0 hat unmelds from your body.
Your +0 buckler unmelds from your body.
Your +0 chain mail unmelds from your body.
Your +6 ring of dexterity unmelds from your body.
You feel agile.
Joseph shouts!
Joseph shoots a sling bullet.
The sling bullet hits you!! The sling bullet freezes you.
Joseph shoots a sling bullet.
The sling bullet hits you. The sling bullet freezes you.
Joseph shoots a sling bullet.
The sling bullet hits you!!
* * * LOW HITPOINT WARNING * * *
The sling bullet freezes you!
* * * LOW HITPOINT WARNING * * *
You feel yourself speed up.
Joseph shoots a sling bullet.
The sling bullet hits you.
You die...
Your body crumbles into a pile of gold.

#.# #.# #.# #
#.# . #.# .#
#.#########.#
#........@..##.#
#.######.......#
#.######@#######
#......#.#
##.####.#.#
#...###.#.#
#.#.#.##.#.#
##.........#
##..###.###
#..........
#..........###


You could see Joseph.

Vanquished Creatures
  Duvessa (D:5)
  A sky beast (D:5)
  An orc warrior (D:6)
  Pargi (Sewer)
  An ice beast (D:5)
  A hornet zombie (D:6)
  2 ogres (D:5)
  A kobold brigand (D:5)
  Dowan (D:5)
  4 wights (D:6)
  A centaur zombie (D:5)
  3 hounds
  A bullfrog skeleton (D:5)
  A centaur skeleton (D:5)
  7 orc wizards
  Natasha (thrice) (D:3)
  An iguana (D:4)
  A hound skeleton (D:5)
  A howler monkey zombie (D:5)
  A howler monkey skeleton (D:6)
  8 adders
  2 river rats (D:5)
  A shadow imp (D:5)
  A white imp (D:6)
  An ufetubus (D:6)
  3 worms
  2 dart slugs
  16 orcs
  11 ball pythons
  9 bats
  7 endoplasms
  5 giant cockroaches
  9 goblins
  9 hobgoblins
  3 jackals (D:1)
  6 quokkas
  7 frilled lizards (Sewer)
  13 kobolds
  5 rats
152 creatures vanquished.

Notes
Turn   | Place    | Note
-------+----------+-------------------------------------------
     0 | D:1      | Dorkslayer the Hill Orc Fighter began the quest for the
                  | Orb.
     0 | D:1      | Reached XP level 1. HP: 19/19 MP: 1/1
   165 | D:1      | Reached XP level 2. HP: 27/27 MP: 2/2
   189 | D:1      | Reached skill level 3 in Axes
   261 | D:1      | Reached XP level 3. HP: 27/33 MP: 3/3
   507 | D:1      | Found a faded altar of an unknown god.
   823 | D:2      | Found Wacan's General Store.
   834 | D:2      | Bought a scroll of identify for 24 gold pieces
   906 | D:2      | Reached skill level 4 in Axes
   906 | D:2      | Reached XP level 4. HP: 40/40 MP: 4/4
  1286 | D:2      | Bought a potion of curing for 36 gold pieces
  1286 | D:2      | Bought a scroll of noise for 12 gold pieces
  1724 | D:3      | Reached XP level 5. HP: 40/46 MP: 5/5
  1834 | D:3      | Noticed Natasha
  1843 | D:3      | Killed Natasha
  1844 | D:3      | Reached skill level 5 in Axes
  1965 | D:3      | Noticed Natasha
  1970 | D:3      | Killed Natasha
  1971 | D:3      | Reached skill level 1 in Dodging
  2165 | D:3      | Noticed Natasha
  2172 | D:3      | Killed Natasha
  2231 | D:2      | Bought a scroll of magic mapping for 42 gold pieces
  2360 | D:4      | Reached XP level 6. HP: 46/55 MP: 6/6
  2381 | D:4      | Found Qudigarch's Antique Armour Boutique.
  2447 | D:4      | Reached skill level 5 in Fighting
  3172 | D:5      | Entered Level 5 of the Dungeon
  3205 | D:5      | Reached skill level 6 in Axes
  3220 | D:5      | Found a glowing drain.
  3228 | Sewer    | Entered a sewer
  3326 | Sewer    | Noticed Pargi
  3338 | Sewer    | Killed Pargi
  3339 | Sewer    | Reached XP level 7. HP: 50/61 MP: 7/7
  3569 | D:5      | Noticed Duvessa
  3570 | D:5      | Noticed Dowan
  3580 | D:5      | Killed Dowan
  3581 | D:5      | Reached skill level 1 in Stealth
  3586 | D:5      | Killed Duvessa
  3587 | D:5      | Reached skill level 7 in Axes
  3866 | D:5      | Reached skill level 5 in Armour
  4007 | D:5      | Reached XP level 8. HP: 70/70 MP: 8/8
  4013 | D:5      | Reached skill level 8 in Axes
  4076 | D:5      | Found a staircase to the Ecumenical Temple.
  4085 | Temple   | Entered the Ecumenical Temple
  4095 | Temple   | Became a worshipper of Gozag Ym Sagoz the Greedy
  4446 | D:5      | Reached skill level 9 in Axes
  5312 | D:6      | Reached skill level 10 in Axes
  5313 | D:6      | Reached XP level 9. HP: 63/77 MP: 9/9
  5773 | D:7      | Noticed Joseph
  5851 | D:7      | HP: 3/78 [Joseph/sling bullet (8)]
  5852 | D:7      | Shot with a sling bullet by Joseph

Illustrated notes

Levels and vault maps discovered:
D:1:      roderic_dead_forest, layout_basic, basic_ecumenical_altar,
          minmay_vboxes
D:2:      layout_rooms, serial_shops, shop
D:3:      layout_rooms, minmay_unequal, uniq_natasha
D:4:      layout_basic, serial_shops, nicolae_shop_advertising_works
          [nicolae_subvault_shop_adworks]
D:5:      layout_gridville, minmay_temple_entry_tees, portal_sewer_entry_e,
          grunt_ministairs_11, uniq_duvessa
D:6:      layout_basic, hangedman_decor_riveting
D:7:      layout_loops_ring, uniq_harold, uniq_joseph
Temple:   grunt_wide_crystal_templ

Skill      XL: |  1  2  3  4  5  6  7  8 |
---------------+-------------------------+-----
Axes           | 3 4 5 6 7 10 | 10.4
Fighting       | 4 5 6 |  6.4
Armour         | 4 5 |  5.8
Dodging        | 1 2 |  2.9
Shields        | 4 |  4.7
Stealth        | 1 |  1.4
Throwing       | |  0.2

Action                   |  1- 3 |  4- 6 |  7- 9 || total
-------------------------+-------+-------+-------++-------
Melee: War axe           |    90 |   212 |   148 ||   450
       Unarmed           |       |       |    10 ||    10
Throw: Dart              |       |     7 |     6 ||    13
  Use: Scroll            |     3 |     7 |     8 ||    18
       Potion            |       |       |     5 ||     5
 Stab: Distracted        |       |       |     2 ||     2
       Invisible         |       |       |     2 ||     2
Armor: Scale mail        |    62 |   121 |    46 ||   229
       Chain mail        |       |       |    20 ||    20
Dodge: Dodged            |    69 |    99 |    69 ||   237
Block: Buckler           |    29 |    62 |    24 ||   115

Table legend: (Time is in decaauts)
 A = Elapsed time spent in this place.
 B = Non-inter-level travel time spent in this place.
 C = Inter-level travel time spent in this place.
 D = Time resting spent in this place.
 E = Time spent auto-exploring this place.
 F = Levels seen in this place.
 G = Mean time per level.
                   A        B        C        D        E       F      G
               +--------+--------+--------+--------+--------+-----+--------+
         Total |   5991 |   5991 |      0 |    938 |   1335 |   9 |  665.7 |
       Dungeon |   5727 |   5727 |      0 |    938 |   1269 |   7 |  818.1 |
        Temple |     19 |     19 |      0 |      0 |      0 |   1 |   19.0 |
         Sewer |    244 |    244 |      0 |      0 |     66 |   1 |  244.0 |
               +--------+--------+--------+--------+--------+-----+--------+

Top non-repeatable levels by time:
     D:5: 1294 daAuts
     D:6: 1082 daAuts
     D:3: 931 daAuts
     D:4: 899 daAuts
     D:1: 735 daAuts
     D:2: 691 daAuts
   Sewer: 244 daAuts
     D:7: 93 daAuts
  Temple: 19 daAuts
